[Event "Titled Tuesday Blitz October 11 Late 2022"]
[White "Savic, Miroslav"]
[Black "Pakleza, Zbigniew"]
[WhiteFideId "14508494"]
[BlackFideId "1119290"]
[WhiteElo "2209"]
[BlackElo "2411"]
[Result "0-1"]
[Round "02"]
[TimeControl "180+1"]
[Date "2022.10.12"]
[WhiteClock "0:00:48"]
[BlackClock "0:00:06"]

1. Nf3 d5 2. d4 Bf5 3. c4 e6 4. Nc3 c6 5. e3 Nd7 6. Bd3 Bg6 7. Bxg6 hxg6 8. b3 Ngf6 9. Bb2 Bd6 10. Qe2 Ne4 11. Nxe4 dxe4 12. Nd2 f5 13. h3 Nf6 14. O-O-O Bb4 15. a3 Be7 16. Kb1 a5 17. f4 Qd7 18. g4 b5 19. g5 Nh5 20. Rhg1 Kf7 21. d5 cxd5 22. cxb5 a4 23. Nc4 Bd6 24. Nb6 Qb7 25. Nxa8 Rxa8 26. b4 Rb8 27. Rc1 Qxb5 28. Qxb5 Rxb5 29. Rc6 Ke7 30. Rgc1 Ng3 31. Bd4 Ne2 32. Rc7+ Bxc7 33. Rxc7+ Kd8 34. Rxg7 Nxd4 35. exd4 Rb6 36. Rxg6 Rc6 37. Rxe6 Rxe6 38. h4 e3 39. g6 e2 40. g7 e1=Q+ 0-1


[Site "https://www.chess.com"]

[Event "Titled Tuesday Blitz October 11 Late 2022"]
[White "Shapiro, Daniel"]
[Black "Toncheva, Nadya"]
[WhiteFideId "2001780"]
[BlackFideId "2924056"]
[WhiteElo "2219"]
[BlackElo "2101"]
[Result "0-1"]
[Round "02"]
[TimeControl "180+1"]
[Date "2022.10.12"]
[WhiteClock "0:00:05"]
[BlackClock "0:01:16"]

1. d4 d5 2. c4 dxc4 3. e4 e5 4. Nf3 Bb4+ 5. Nbd2 c3 6. bxc3 Bxc3 7. Ba3 Bxa1 8. Qxa1 exd4 9. Bc4 Nf6 10. e5 Nd5 11. Qxd4 Be6 12. Qe4 Nc6 13. h4 Qd7 14. O-O O-O-O 15. Rc1 Nb6 16. Bb5 Bd5 17. Qe3 Rhe8 18. Nb3 Bxb3 19. Qxb3 Qd5 20. Qxd5 Rxd5 21. Bxc6 bxc6 22. Rxc6 Kb7 23. Rc3 Red8 24. Kh2 Rd3 25. Bb4 Rxc3 26. Bxc3 Nd5 27. Bd4 Nb4 28. a3 Nc2 29. Bb2 Rd3 30. Kg3 Nxa3 31. Kf4 Nc4 32. Bc1 Rc3 33. Be3 Nxe3 34. fxe3 a5 35. Ng5 a4 36. Nxf7 a3 37. e6 Kc8 38. Ne5 Kd8 0-1


[Site "https://www.chess.com"]

[Event "Titled Tuesday Blitz October 11 Late 2022"]
[White "Shohat, Yotam"]
[Black "Droin, Augustin"]
[WhiteFideId "2813955"]
[BlackFideId "45105987"]
[WhiteElo "2199"]
[BlackElo "2316"]
[Result "1-0"]
[Round "02"]
[TimeControl "180+1"]
[Date "2022.10.12"]
[WhiteClock "0:00:12"]
[BlackClock "0:00:53"]

1. e4 Nf6 2. e5 Nd5 3. d4 d6 4. Nf3 g6 5. Bc4 Nb6 6. Bb3 Bg7 7. Ng5 O-O 8. e6 fxe6 9. Bxe6+ Bxe6 10. Nxe6 Qd7 11. Nxf8 Bxf8 12. O-O Bg7 13. c3 Nc6 14. Nd2 Rf8 15. Nf3 Qg4 16. h3 Qf5 17. a4 e5 18. dxe5 Nxe5 19. Nxe5 Bxe5 20. a5 Nd7 21. Qb3+ Kh8 22. Qxb7 d5 23. Qxa7 Bd6 24. Be3 c5 25. Rfe1 Rf7 26. Qa8+ Kg7 27. Qc6 Rf6 28. Qa4 Ne5 29. a6 Nd3 30. Qg4 Nxe1 31. Qxf5 Rxf5 32. Rxe1 Rf8 33. Ra1 Ra8 34. Ra5 Kf7 35. Bxc5 Bc7 36. Ra1 Ke6 37. b4 Kd7 38. b5 Be5 39. b6 Kc6 40. b7 Re8 41. Bd4 Bc7 42. g4 h5 43. Kg2 hxg4 44. hxg4 Bd6 45. Rb1 Bb8 46. a7 Bxa7 47. Bxa7 1-0


[Site "https://www.chess.com"]

[Event "Titled Tuesday Blitz October 11 Late 2022"]
[White "Shuqja, Klean"]
[Black "Huber, Benedikt"]
[WhiteFideId "4701585"]
[BlackFideId "12923583"]
[WhiteElo "1893"]
[BlackElo "2199"]
[Result "0-1"]
[Round "02"]
[TimeControl "180+1"]
[Date "2022.10.12"]
[WhiteClock "0:00:08"]
[BlackClock "0:01:24"]

1. e4 c5 2. Nf3 e6 3. b3 b6 4. Bb2 Bb7 5. Bd3 Nf6 6. Qe2 Be7 7. O-O Nc6 8. c3 d5 9. e5 Nd7 10. Bc2 a5 11. d4 cxd4 12. cxd4 Nb4 13. Qd2 Nxc2 14. Qxc2 Rc8 15. Qd2 O-O 16. Nc3 Ba6 17. Rfe1 Nb8 18. Rac1 Nc6 19. a3 Qd7 20. Na4 Qa7 21. Rc2 Rc7 22. Rec1 Rfc8 23. g3 b5 24. Nc5 Nxd4 25. Bxd4 Bxc5 26. Bxc5 Rxc5 27. Qd4 Rxc2 28. Qxa7 Rxc1+ 29. Kg2 b4 30. Qxa6 bxa3 31. Qxa5 Ra1 32. Nd4 h5 33. Nb5 a2 34. Nc3 d4 35. Nxa2 d3 36. Qd2 Rc2 37. Qxd3 Raxa2 38. b4 Rxf2+ 39. Kg1 Rfd2 40. Qf1 Rdb2 41. b5 Rb3 42. Qc4 Rb1+ 0-1


[Site "https://www.chess.com"]

[Event "Titled Tuesday Blitz October 11 Late 2022"]
[White "Skatchkov, Valery"]
[Black "Wagner, Dennis"]
[WhiteFideId "24195812"]
[BlackFideId "24650684"]
[WhiteElo "2199"]
[BlackElo "2470"]
[Result "0-1"]
[Round "02"]
[TimeControl "180+1"]
[Date "2022.10.12"]
[WhiteClock "0:00:01"]
[BlackClock "0:01:01"]

1. d4 Nf6 2. c4 g6 3. Nc3 d5 4. Bg5 Bg7 5. Nf3 Ne4 6. Bf4 Nxc3 7. bxc3 c5 8. cxd5 Qxd5 9. e3 O-O 10. Be2 cxd4 11. cxd4 Qa5+ 12. Qd2 Nc6 13. h4 h6 14. Qxa5 Nxa5 15. h5 g5 16. Be5 Be6 17. Kd2 Rfc8 18. Rhc1 Rxc1 19. Kxc1 f6 20. Bg3 Rc8+ 21. Kb2 Bd5 22. Nd2 f5 23. f4 g4 24. Bh4 Kf7 25. Rg1 e6 26. Be1 Bf8 27. g3 b5 28. Nb3 Nc4+ 29. Bxc4 Rxc4 30. Nc5 b4 31. Bd2 a5 32. Nd3 Ke8 33. Ne5 Rc8 34. Rc1 Rxc1 35. Kxc1 Bxa2 36. Nc6 b3 37. Kb2 a4 38. Nb4 Kd7 39. Nd3 a3+ 0-1


[Site "https://www.chess.com"]

[Event "Titled Tuesday Blitz October 11 Late 2022"]
[White "Sohal, Tanraj"]
[Black "Jensen, Matthew R"]
[WhiteFideId "2608499"]
[BlackFideId "2018110"]
[WhiteElo "2200"]
[BlackElo "2287"]
[Result "1/2-1/2"]
[Round "02"]
[TimeControl "180+1"]
[Date "2022.10.12"]
[WhiteClock "0:00:03"]
[BlackClock "0:00:28"]

1. e4 c6 2. d4 d5 3. e5 c5 4. dxc5 e6 5. Be3 Nd7 6. c4 Bxc5 7. Bxc5 Nxc5 8. cxd5 Qxd5 9. Qxd5 exd5 10. Nf3 Ne7 11. Nc3 Be6 12. Bb5+ Kf8 13. O-O-O g6 14. Nd4 Kg7 15. Rhe1 a6 16. Be2 Rac8 17. Kb1 Rhd8 18. f4 b5 19. a3 Nf5 20. Bf3 Nxd4 21. Rxd4 Bf5+ 22. Ka2 Ne4 23. Nxd5 Nc5 24. g4 Be6 25. b3 Nd7 26. Kb2 Nc5 27. Red1 a5 28. Nb6 Rxd4 29. Rxd4 Rc7 30. Nd5 Rd7 31. b4 Na4+ 32. Kc2 Nb6 33. Nxb6 Rxd4 34. bxa5 b4 35. axb4 Rxb4 36. Bb7 Rb5 37. a6 Ra5 38. g5 Bf5+ 39. Kc3 Bh3 40. Kb4 Ra1 41. Kc5 Bf1 42. Nc4 Bxc4 43. Kxc4 h6 44. h4 hxg5 45. hxg5 Ra4+ 46. Kc5 Kf8 47. Kb6 Ke7 48. a7 Ke6 49. a8=Q Rxa8 50. Bxa8 Kf5 51. Bd5 Kxf4 52. Bxf7 Kxe5 53. Bxg6 Kf4 1/2-1/2


[Site "https://www.chess.com"]

[Event "Titled Tuesday Blitz October 11 Late 2022"]
[White "Souleidis, Georgios"]
[Black "Cabarkapa, Novak"]
[WhiteFideId "4206827"]
[BlackFideId "943746"]
[WhiteElo "2401"]
[BlackElo "2390"]
[Result "0-1"]
[Round "02"]
[TimeControl "180+1"]
[Date "2022.10.12"]
[WhiteClock "0:00:04"]
[BlackClock "0:00:09"]

1. e4 d5 2. exd5 Qxd5 3. Nc3 Qd6 4. d4 Nf6 5. Nf3 g6 6. h3 Bg7 7. Bd3 O-O 8. O-O a6 9. Re1 Nc6 10. Qe2 e6 11. Be3 Nb4 12. Bc4 b5 13. Bb3 Bb7 14. Rad1 Nbd5 15. Nxd5 Nxd5 16. Bg5 c5 17. dxc5 Qxc5 18. c3 h6 19. Bc1 Rad8 20. Ne5 Nf6 21. Rxd8 Rxd8 22. a3 Bd5 23. Bc2 Re8 24. Rd1 Bb7 25. Qe3 Qxe3 26. Bxe3 Nd5 27. Bd4 Rd8 28. Re1 Nf4 29. f3 g5 30. Kh2 Bf8 31. Ng4 Bg7 32. Ne5 Nd5 33. Be4 Ba8 34. Bc2 Nf4 35. Bb3 Bd5 36. Bxd5 Nxd5 37. g3 Rc8 38. Re2 Kf8 39. Kg2 Ke8 40. Kf2 a5 41. Rd2 Bf6 42. Ng4 Bxd4+ 43. Rxd4 h5 44. Ne5 Ke7 45. Nd3 f6 46. h4 gxh4 47. Rxh4 Rd8 48. Ke2 Rg8 49. Kf2 Rg5 50. Nf4 Nxf4 51. Rxf4 Rd5 52. Ke2 a4 53. Rh4 Kd6 54. Re4 Re5 55. Ke3 Rxe4+ 56. Kxe4 Kc5 57. Kd3 Kd5 58. Ke3 Ke5 59. f4+ Kf5 60. Kf3 e5 61. fxe5 fxe5 62. Ke3 e4 63. Kf2 Kg4 64. Kg2 e3 0-1


[Site "https://www.chess.com"]

[Event "Titled Tuesday Blitz October 11 Late 2022"]
[White "Stanisz, Patryk"]
[Black "Ballester Llagaria, Luis Eduardo"]
[WhiteFideId "1123106"]
[BlackFideId "2297620"]
[WhiteElo "2069"]
[BlackElo "2344"]
[Result "0-1"]
[Round "02"]
[TimeControl "180+1"]
[Date "2022.10.12"]
[WhiteClock "0:00:01"]
[BlackClock "0:00:39"]

1. Nf3 d5 2. d4 Nf6 3. c4 dxc4 4. e3 a6 5. Bxc4 e6 6. O-O b5 7. Bd3 Bb7 8. Qe2 Nbd7 9. Rd1 c5 10. b3 cxd4 11. exd4 Be7 12. Nbd2 Nd5 13. Ne4 N7f6 14. Bd2 O-O 15. a4 b4 16. Rac1 Nxe4 17. Qxe4 g6 18. Bh6 Re8 19. Ne5 Bf6 20. Ng4 Bh8 21. Ne5 Qd6 22. Bd2 Rac8 23. Qh4 Rxc1 24. Rxc1 Nc3 25. Ng4 Qxd4 26. Nh6+ Kf8 27. Qxd4 Bxd4 28. Bc4 Bd5 29. Bf4 Bxc4 0-1


[Site "https://www.chess.com"]

[Event "Titled Tuesday Blitz October 11 Late 2022"]
[White "Storey, Charles H"]
[Black "Boyer, Mahel"]
[WhiteFideId "406686"]
[BlackFideId "45102422"]
[WhiteElo "2252"]
[BlackElo "2454"]
[Result "0-1"]
[Round "02"]
[TimeControl "180+1"]
[Date "2022.10.12"]
[WhiteClock "0:01:03"]
[BlackClock "0:01:09"]

1. e4 c5 2. Nf3 d6 3. d4 cxd4 4. Nxd4 Nf6 5. f3 d5 6. e5 Nfd7 7. e6 fxe6 8. Nxe6 Qb6 9. Nxf8 Rxf8 10. Qxd5 Nc6 11. Qh5+ g6 12. Qxh7 Nd4 13. Bd3 Ne5 14. Na3 Nxd3+ 15. cxd3 Qe6+ 16. Kd2 Qe2+ 17. Kc3 Bf5 18. Kxd4 O-O-O+ 19. Kc5 Qe5+ 20. Kb4 Qd6+ 21. Kb3 Qxd3+ 22. Ka4 Qa6+ 23. Kb3 Rd3+ 24. Kc2 Re3+ 25. Kd2 Qe2# 0-1


[Site "https://www.chess.com"]

[Event "Titled Tuesday Blitz October 11 Late 2022"]
[White "Suder, Jakub"]
[Black "Har-Zvi, Ronen"]
[WhiteFideId "1195310"]
[BlackFideId "2801485"]
[WhiteElo "2174"]
[BlackElo "2523"]
[Result "1/2-1/2"]
[Round "02"]
[TimeControl "180+1"]
[Date "2022.10.12"]
[WhiteClock "0:00:19"]
[BlackClock "0:00:09"]

1. d4 d5 2. c4 c6 3. cxd5 cxd5 4. Bg5 Qb6 5. Nc3 e6 6. Qd2 Nc6 7. e3 Nf6 8. Bxf6 gxf6 9. Bd3 f5 10. f4 Bd7 11. Nf3 f6 12. O-O-O Rc8 13. Kb1 Na5 14. Rc1 Nc4 15. Bxc4 Rxc4 16. Ka1 Bb4 17. Ne1 Ke7 18. Nd3 Bd6 19. Rc2 Rhc8 20. Rhc1 Qd8 21. Ne2 Bb5 22. Rxc4 Bxc4 23. Rc2 Bb5 24. Nec1 Rxc2 25. Qxc2 Qc7 26. Qxc7+ Bxc7 27. Kb1 Bd6 28. Kc2 b6 29. b3 Be8 30. Ne2 Bh5 31. Nc3 Be8 32. Ne2 Kd7 33. h3 Bh5 34. Ng3 Bg6 35. Nf1 h5 36. h4 Be8 37. Ng3 Ke7 38. Ne2 Kd7 39. Ng3 Ke7 40. Ne2 Kf7 41. Ng3 Kg6 42. Ne2 Bb5 43. a4 Bd7 44. Ndc1 Kf7 45. Nc3 Ke7 46. N1e2 Be8 47. Ng3 Bb4 48. Nb5 Bxb5 49. axb5 Be1 50. Ne2 Bf2 51. Kd2 Kd7 52. Nc1 Bxh4 53. Nd3 Bg3 54. Ke2 Kd6 55. Kf3 h4 56. Ke2 e5 57. Kf1 Ke6 58. Ke2 Kd6 59. Kf1 Ke6 60. Ke2 Kd6 1/2-1/2


[Site "https://www.chess.com"]

[Event "Titled Tuesday Blitz October 11 Late 2022"]
[White "Svane, Rasmus"]
[Black "Jakubowski, Krzysztof"]
[WhiteFideId "4657101"]
[BlackFideId "1112848"]
[WhiteElo "2674"]
[BlackElo "2373"]
[Result "1-0"]
[Round "02"]
[TimeControl "180+1"]
[Date "2022.10.11"]
[WhiteClock "0:00:37"]
[BlackClock "0:00:02"]

1. Nf3 Nf6 2. g3 d5 3. Bg2 c6 4. O-O Bg4 5. h3 Bxf3 6. Bxf3 Nbd7 7. d3 e5 8. e4 dxe4 9. dxe4 Bc5 10. Nd2 O-O 11. a4 a5 12. Qe2 Qc7 13. Kg2 Rfe8 14. Nb3 Bb6 15. Rd1 Nf8 16. Bg5 N6d7 17. h4 Ne6 18. Bd2 Ndc5 19. Nxc5 Bxc5 20. c3 Rad8 21. Be1 g6 22. Bg4 Ng7 23. h5 Qe7 24. hxg6 hxg6 25. Qc4 Bb6 26. Qb3 Qc5 27. Rxd8 Rxd8 28. Rd1 Rxd1 29. Qxd1 Qe7 30. Qb3 Bc5 31. Bc8 b6 32. Qc4 Ne8 33. Qd3 Nf6 34. Bd2 Qc7 35. Bh3 Kg7 36. Bc1 Be7 37. Qe3 Bc5 38. Qd3 Be7 39. Kg1 Bc5 40. Kf1 Kf8 41. Bh6+ Kg8 42. Bg5 Kg7 43. Bc1 Qe7 44. Bd2 Nh5 45. Bg4 Qf6 46. Qf3 Qd6 47. Be1 Nf6 48. Bh3 b5 49. b3 bxa4 50. bxa4 Bb6 51. Qe2 Qc5 52. Qd3 Qa3 53. Qc4 Qd6 54. Bg2 Ng4 55. Qe2 Nf6 56. Bf3 Qa3 57. Qc4 Qd6 58. Be2 Nd7 59. Qd3 Qxd3 60. Bxd3 Nc5 61. Bc2 Kf6 62. Ke2 Ke7 63. Bd2 Kd6 64. Bh6 Nd7 65. Bb3 f6 66. Bc2 g5 67. f4 gxf4 68. gxf4 Bc5 69. f5 Bg1 70. Kf3 Kc5 71. Bb3 Kd6 72. Kg4 Ke7 73. Kh5 Nc5 74. Bc2 Bf2 75. Kg6 Bh4 76. Be3 Nb7 77. Bb6 Bg5 78. Bb3 Nd6 79. Bc5 Kd7 80. Bc2 Nc4 81. Bd3 Nd6 82. Bb6 1-0


[Site "https://www.chess.com"]

[Event "Titled Tuesday Blitz October 11 Late 2022"]
[White "Szabo, Marcell"]
[Black "Gokerkan, Cem Kaan"]
[WhiteFideId "2072033"]
[BlackFideId "6336760"]
[WhiteElo "1795"]
[BlackElo "2365"]
[Result "0-1"]
[Round "02"]
[TimeControl "180+1"]
[Date "2022.10.12"]
[WhiteClock "0:01:26"]
[BlackClock "0:01:35"]

1. e4 Nf6 2. e5 Nd5 3. d4 d6 4. c4 Nb6 5. exd6 cxd6 6. Nc3 g6 7. Nf3 Bg7 8. h3 O-O 9. Be3 Nc6 10. Be2 e5 11. d5 Ne7 12. O-O f5 13. Rc1 f4 14. Bxb6 axb6 15. a3 Nf5 16. Nb5 e4 17. Nfd4 Nxd4 18. Nxd4 Qf6 19. Ne6 Bxe6 20. dxe6 f3 21. e7 Rf7 22. Qd5 fxe2 23. Rfe1 Qxf2+ 24. Kh1 Re8 25. Qxe4 Rexe7 26. Qd5 Be5 27. Qd3 Qf4 28. g3 Qxg3 0-1


[Site "https://www.chess.com"]

[Event "Titled Tuesday Blitz October 11 Late 2022"]
[White "Taichman, Ori"]
[Black "Zierk, Steven"]
[WhiteFideId "2804069"]
[BlackFideId "2034255"]
[WhiteElo "2234"]
[BlackElo "2494"]
[Result "1-0"]
[Round "02"]
[TimeControl "180+1"]
[Date "2022.10.11"]
[WhiteClock "0:00:22"]
[BlackClock "0:00:09"]

1. e4 c6 2. d4 d5 3. e5 Bf5 4. h4 h5 5. Bd3 Bxd3 6. Qxd3 Qa5+ 7. Nd2 e6 8. Nf3 Ne7 9. O-O Nf5 10. a4 Be7 11. c4 Nxh4 12. Nxh4 Bxh4 13. b4 Qd8 14. b5 Be7 15. Ba3 h4 16. Rfb1 h3 17. gxh3 Bxa3 18. Rxa3 Qg5+ 19. Kf1 Nd7 20. bxc6 bxc6 21. Rb7 Rd8 22. Rxa7 O-O 23. c5 f6 24. Nf3 Qc1+ 25. Kg2 fxe5 26. Nxe5 Nxe5 27. dxe5 Rf5 28. Qe3 Qb2 29. Qg3 g5 30. Rf3 Rdf8 31. Rxf5 Rxf5 32. h4 Qb8 33. Re7 Qf8 34. Rxe6 Qxc5 35. Rg6+ Kf7 36. Rxg5 Rxg5 37. Qxg5 Qd4 38. Qf6+ Kg8 39. Qg5+ Kh7 40. Qf5+ Kg7 41. h5 Qa7 42. e6 Qe7 43. Qf7+ Qxf7 44. exf7 c5 45. a5 c4 46. a6 c3 47. a7 c2 48. f8=Q+ 1-0


[Site "https://www.chess.com"]

[Event "Titled Tuesday Blitz October 11 Late 2022"]
[White "Tan, Ralph"]
[Black "Ovezdurdyyeva, Jemal"]
[WhiteFideId "30966590"]
[BlackFideId "14001888"]
[WhiteElo "2059"]
[BlackElo "1961"]
[Result "0-1"]
[Round "02"]
[TimeControl "180+1"]
[Date "2022.10.12"]
[WhiteClock "0:00:13"]
[BlackClock "0:00:44"]

1. Nf3 Nf6 2. g3 e6 3. Bg2 d5 4. O-O Be7 5. d4 c6 6. c4 Ne4 7. Nc3 f5 8. Ne5 Nd7 9. Nxd7 Bxd7 10. f3 Nxc3 11. bxc3 dxc4 12. e4 O-O 13. Qe2 b5 14. a4 a6 15. Rd1 c5 16. exf5 exf5 17. axb5 cxd4 18. cxd4 Bxb5 19. f4 Rc8 20. Bb7 Rc7 21. Bf3 Bf6 22. Ba3 Re8 23. Qf2 c3 24. Rac1 Rc4 25. d5 Qa5 26. Bc5 Ba4 27. Re1 Qxc5 28. Rxe8+ Bxe8 29. Qxc5 Rxc5 30. d6 c2 31. Kg2 Bb2 32. Re1 Bd7 33. Re7 c1=Q 34. Rxd7 Rc2+ 35. Kh3 Qf1+ 36. Kh4 Bf6+ 37. Kh5 Rxh2# 0-1


[Site "https://www.chess.com"]

[Event "Titled Tuesday Blitz October 11 Late 2022"]
[White "Tanenbaum, Zachary"]
[Black "Jorquera, Marcelo"]
[WhiteFideId "2060850"]
[BlackFideId "3401197"]
[WhiteElo "2175"]
[BlackElo "2136"]
[Result "1-0"]
[Round "02"]
[TimeControl "180+1"]
[Date "2022.10.12"]
[WhiteClock "0:00:20"]
[BlackClock "0:00:02"]

1. e4 d5 2. exd5 Qxd5 3. Nc3 Qa5 4. d4 Nf6 5. Nf3 Bf5 6. Bc4 e6 7. Bd2 Bb4 8. Qe2 O-O 9. O-O-O Nc6 10. Kb1 Rfd8 11. a3 Bxc3 12. Bxc3 Qb6 13. Bd3 Nd5 14. Bd2 Bxd3 15. Qxd3 Rd7 16. c4 Qa6 17. Bc3 Nb6 18. Ng5 g6 19. d5 exd5 20. Qh3 h5 21. c5 1-0


[Site "https://www.chess.com"]

[Event "Titled Tuesday Blitz October 11 Late 2022"]
[White "Tarnowska, Aleksandra"]
[Black "Castella Garcia, Fausto"]
[WhiteFideId "1180967"]
[BlackFideId "3501922"]
[WhiteElo "1776"]
[BlackElo "2246"]
[Result "0-1"]
[Round "02"]
[TimeControl "180+1"]
[Date "2022.10.12"]
[WhiteClock "0:00:03"]
[BlackClock "0:00:59"]

1. e4 c5 2. Nf3 Nf6 3. e5 Nd5 4. c4 Nb4 5. d4 cxd4 6. Nxd4 Qa5 7. Nc3 Qxe5+ 8. Be3 N8c6 9. Nf3 Qh5 10. Be2 d6 11. Nb5 Na6 12. O-O Bg4 13. h3 Bxf3 14. Bxf3 Qf5 15. Bg4 Qf6 16. Re1 g6 17. b3 Ne5 18. Be2 Bg7 19. Rc1 O-O 20. Bd4 Qg5 21. Bf3 Nxf3+ 22. Qxf3 Bxd4 23. Nxd4 Nc5 24. Ne2 b6 25. Ng3 Rfe8 26. Rcd1 h5 27. Rxe7 Qxe7 0-1


[Site "https://www.chess.com"]

[Event "Titled Tuesday Blitz October 11 Late 2022"]
[White "Tayar, Jonathan"]
[Black "Bluebaum, Matthias"]
[WhiteFideId "2606534"]
[BlackFideId "24651516"]
[WhiteElo "2406"]
[BlackElo "2633"]
[Result "0-1"]
[Round "02"]
[TimeControl "180+1"]
[Date "2022.10.11"]
[WhiteClock "0:00:13"]
[BlackClock "0:00:58"]

1. e4 e6 2. d4 d5 3. Nc3 Nf6 4. exd5 exd5 5. Bd3 c5 6. dxc5 Bxc5 7. Nf3 O-O 8. O-O h6 9. h3 Nc6 10. Bf4 Re8 11. a3 a6 12. Qd2 Ne4 13. Bxe4 dxe4 14. Qxd8 Nxd8 15. Nd2 f5 16. Nc4 Nf7 17. Rad1 Be6 18. Nd6 Nxd6 19. Bxd6 Ba7 20. Nd5 Bxd5 21. Rxd5 Rad8 22. c4 g6 23. b4 Bb8 24. Rfd1 Kf7 25. Bxb8 Rxb8 26. c5 Re7 27. Kf1 b6 28. c6 Rc8 29. Rc1 Ke6 30. Rd2 b5 31. Ke2 Ke5 32. Rc5+ Ke6 33. g3 Rec7 34. Rdc2 Rd8 35. R2c3 Rd4 36. Ke3 Rd5 37. f3 exf3 38. Kxf3 Rd4 39. Re3+ Kd6 40. Rce5 Rxc6 41. Re6+ Kc7 42. Re7+ Rd7 43. Rh7 Rxh7 0-1


[Site "https://www.chess.com"]

[Event "Titled Tuesday Blitz October 11 Late 2022"]
[White "Theodorou, Nikolas"]
[Black "Goltsev, Dmitry"]
[WhiteFideId "4262875"]
[BlackFideId "24176710"]
[WhiteElo "2512"]
[BlackElo "2257"]
[Result "1-0"]
[Round "02"]
[TimeControl "180+1"]
[Date "2022.10.11"]
[WhiteClock "0:00:07"]
[BlackClock "0:00:03"]

1. g3 d5 2. Bg2 c6 3. b3 Nf6 4. Bb2 g6 5. d3 Bg7 6. e3 O-O 7. Ne2 Ne8 8. Qc1 Nd7 9. Nd2 e5 10. O-O f5 11. c4 Nb6 12. a4 Be6 13. a5 Nd7 14. a6 b6 15. Nf3 Rc8 16. Rd1 c5 17. Nc3 Nc7 18. h4 d4 19. exd4 cxd4 20. Na4 b5 21. cxb5 Bxb3 22. Re1 Nxb5 23. Qd2 e4 24. Ng5 Nc3 25. Ra3 Bxa4 26. Bxc3 dxc3 27. Qa2+ Kh8 28. Ne6 Qb6 29. Nxf8 c2 30. Nxd7 Bxd7 31. Rc1 exd3 32. Rxd3 Be6 33. Rxc2 Bxa2 34. Rxc8+ Bf8 35. Rxf8+ Kg7 36. Rfd8 Qxa6 37. R8d7+ Kh6 38. R3d6 Qe2 39. Bf1 Qf3 40. Rd3 Qe4 41. R3d4 Qf3 42. Rd3 Qe4 43. Rd2 Be6 44. R7d4 Qe5 45. R4d3 a5 46. Re3 Qf6 47. Rd6 f4 48. Rexe6 Qf5 49. Bd3 Qh3 50. gxf4 Qg4+ 51. Kf1 Qxf4 52. Ke2 Qxh4 53. Re4 Qg5 54. Rdd4 Qf6 55. Ra4 Qb6 56. Rh4+ Kg7 57. Rhe4 Qb2+ 58. Ke3 Qc1+ 59. Kf3 Qh1+ 60. Ke2 Qh5+ 61. f3 Qh2+ 62. Ke3 Qh6+ 63. Kd4 Qh2 64. Be2 Qg1+ 65. Kd3 Qb1+ 66. Ke3 Qg1+ 67. Kd2 Qb6 68. Red4 Qb2+ 69. Ke3 Qc1+ 70. Kf2 Qc5 71. Kg2 Qg5+ 72. Rg4 Qe3 73. Rae4 Qd2 74. Re7+ Kf6 75. Rge4 Kg5 76. R7e5+ Kh6 77. Kf2 Qc3 78. Rb5 Qc7 79. Rh4+ Kg7 80. Ra4 Qa7+ 81. Kg2 Qe3 82. Re4 Qd2 83. Rb7+ Kh6 84. Kf2 Qc3 85. Rh4+ Kg5 86. Rbxh7 Qc5+ 87. Kg2 Qe3 88. Rg4+ Kf6 89. Re4 Qg5+ 90. Kf1 Qc5 91. Rd7 Qc1+ 92. Rd1 Qg5 93. Rd6+ Kg7 94. Rc6 Qd5 95. Rcc4 Qd2 96. Rcd4 Qc1+ 97. Kg2 Qc5 98. Kf2 Qb6 99. Kg2 Qb2 100. Rc4 Kh6 101. Ra4 Qd2 102. Rh4+ Kg7 103. Rae4 Qg5+ 104. Rhg4 Qd2 105. Kf2 Kh6 106. Re6 Kh7 107. Rexg6 a4 108. Rg7+ Kh6 109. R7g6+ Kh7 110. Ra6 Qc2 111. Raxa4 Qc5+ 112. Rad4 Qc2 113. Kg2 Qxe2+ 114. Kg3 Qe5+ 115. Rdf4 Qd6 116. Kh3 Qh6+ 117. Rh4 Kg6 118. Rxh6+ Kg5 119. Rhh4 1-0


[Site "https://www.chess.com"]

[Event "Titled Tuesday Blitz October 11 Late 2022"]
[White "Thiel, Thomas"]
[Black "Kukula, Pawel"]
[WhiteFideId "4615964"]
[BlackFideId "1115081"]
[WhiteElo "2308"]
[BlackElo "2062"]
[Result "1-0"]
[Round "02"]
[TimeControl "180+1"]
[Date "2022.10.12"]
[WhiteClock "0:00:23"]
[BlackClock "0:00:02"]

1. e4 c5 2. Nc3 Nc6 3. Bb5 Nd4 4. Bc4 g6 5. Nf3 Bg7 6. Nxd4 cxd4 7. Qf3 e6 8. Nb5 d6 9. Qa3 Ke7 10. Qd3 Qb6 11. c3 dxc3 12. dxc3 a6 13. Be3 Qc6 14. Nd4 Qc7 15. O-O Nf6 16. Rfe1 Ng4 17. Bb3 Nxe3 18. Qxe3 Rd8 19. Rad1 Kf8 20. h4 h5 21. Nf3 Kg8 22. Ng5 Qe7 23. Rd2 Bd7 24. Red1 Bc6 25. Qf4 Be5 26. Qe3 b5 27. f4 Bf6 28. f5 Bxg5 29. Qxg5 Qxg5 30. hxg5 gxf5 31. exf5 d5 32. fxe6 fxe6 33. Re1 Rd6 34. Rde2 Bd7 35. Re5 Kg7 36. Bc2 Rf8 37. g6 Kh6 38. R1e3 d4 39. Rh3 dxc3 40. Rexh5+ Kg7 41. Rh7+ Kf6 42. Rf3+ Ke5 43. Rxf8 cxb2 44. Rf1 Bc6 45. g7 Rd2 46. g8=Q Rxc2 47. Qg5+ Kd4 48. Rh4+ Be4 49. Qf6+ Kd3 50. Qd8+ Bd5 51. Rh3+ Kd2 52. Qg5+ Ke2 53. Qe3# 1-0


[Site "https://www.chess.com"]

[Event "Titled Tuesday Blitz October 11 Late 2022"]
[White "Timmermans, Mark"]
[Black "Bogaudinov, Rushan"]
[WhiteFideId "1026399"]
[BlackFideId "4129288"]
[WhiteElo "2460"]
[BlackElo "1945"]
[Result "1/2-1/2"]
[Round "02"]
[TimeControl "180+1"]
[Date "2022.10.12"]
[WhiteClock "0:00:33"]
[BlackClock "0:00:36"]

1. e4 c5 2. Nf3 d6 3. d4 cxd4 4. Nxd4 Nf6 5. f3 Nc6 6. c4 g6 7. Nc3 Bg7 8. Be3 Bd7 9. Qd2 O-O 10. Be2 Nxd4 11. Bxd4 Bc6 12. O-O Nd7 13. Bf2 Ne5 14. b3 a6 15. a4 a5 16. Rac1 Nd7 17. Nd5 Nc5 18. Rb1 e6 19. Nc3 Qe7 20. Rfd1 Rfd8 21. Nb5 Bxb5 22. axb5 b6 23. Qa2 Rac8 24. Rd2 Rd7 25. Rbd1 Bh6 26. Rc2 Rcd8 27. h3 d5 28. cxd5 exd5 29. Bxc5 bxc5 30. Qxa5 dxe4 31. Rxd7 Qxd7 32. b6 Be3+ 33. Kh1 exf3 34. Bxf3 Qd3 35. Re2 Bf4 36. b7 Bb8 37. Bc6 Qd6 38. Qxd8+ Qxd8 39. Re8+ Qxe8 40. Bxe8 Kf8 41. Bc6 Ke7 42. Bd5 f6 43. g4 Kd6 44. Bc4 Kc6 45. Kg2 Kxb7 46. Kf3 Kc6 47. Bg8 h6 48. Bh7 g5 49. Bd3 Be5 50. Ke4 Kb6 51. Bc4 Ka5 52. Kf5 Kb4 53. Be6 Bd4 54. Bc4 Kc3 55. Kg6 Kd2 56. Kxh6 Ke3 57. Kg6 Kf4 58. Bd5 Kg3 59. Kf5 Kxh3 60. Bc4 Kg3 61. Be6 Kf3 62. Bc4 Ke3 63. Be6 Kd3 64. Bc4+ Kc3 65. Be6 Be5 66. Bc4 Kd4 67. Be6 Kc3 68. Bc4 Kd4 69. Be6 Kc3 1/2-1/2


[Site "https://www.chess.com"]

[Event "Titled Tuesday Blitz October 11 Late 2022"]
[White "Trent, Lawrence"]
[Black "Prydun, Andriy"]
[WhiteFideId "408638"]
[BlackFideId "14145898"]
[WhiteElo "2474"]
[BlackElo "2163"]
[Result "1-0"]
[Round "02"]
[TimeControl "180+1"]
[Date "2022.10.12"]
[WhiteClock "0:00:53"]
[BlackClock "0:00:03"]

1. d4 Nf6 2. Nc3 d5 3. Bf4 c5 4. e4 Nxe4 5. Nxe4 dxe4 6. dxc5 Qa5+ 7. Qd2 Qxc5 8. O-O-O Nc6 9. Ne2 Be6 10. Nc3 g5 11. Nb5 f5 12. Nc7+ Kf7 13. Be3 Qe5 14. Nxa8 Bg7 15. c3 Rd8 16. Qc2 Rxa8 17. Bxg5 f4 18. Bh4 Rc8 19. Re1 Bd5 20. f3 Nb4 21. Rxe4 Nxa2+ 22. Kb1 Bxe4 23. Qxe4 Nxc3+ 24. bxc3 Qxc3 25. Bc4+ Rxc4 26. Qxe7+ Kg6 27. Qe8+ Kh6 28. Qe6+ Kh5 29. Qg4+ Kh6 30. Qg5# 1-0


[Site "https://www.chess.com"]